AoeStats
← 神圣罗马帝国 | Holy Roman

African Clearing

510905875Analyzed
4v4 RM · 17h ago on Oct 3, 2026· 79m 51s· 8 players
Game mode
Random Map
Map size
Large (8 player)
Population
200
Speed
Normal
Resources
Standard
Victory
Conquest
Starting age
Dark Age
Ending age
Imperial Age
RankedLock teamsTeams togetherTeam positionsShared explorationLock speedFull tech treeHidden civsTurbo modeCheats
Victory
Defeat
🇺🇸 Mongols · United States
1390
+13
🇺🇸 Varangians · United States
1358
+14
🇺🇸 Italians · United States
1300
+18
🇺🇸 Magyars · United States
1270
+19
🇺🇸 Persians · United States
1342
-17
🇬🇧 Franks · United Kingdom
1322
-16
🇦🇷 Berbers · Argentina
1318
-16
1306
-15
Showergod
13:55 Feudal Age
13:13 Loom
14:47 Double-Bit Axe
17:41 Castle Age
15:59 Gold Mining
17:04 Bloodlines
17:31 Scale Barding Armor
18:24 Husbandry
20:00 Town Watch
20:06 Horse Collar
23:08 Stone Mining
24:48 Wheelbarrow
25:33 Forging
26:56 Bow Saw
27:03 Heavy Plow
27:18 Fletching
28:01 Padded Archer Armor
29:45 Gold Shaft Mining
30:11 Hand Cart
30:00 Squires
34:44 Imperial Age
32:32 Leather Archer Armor
32:41 Ballistics
33:31 Bodkin Arrow
33:38 Kamandaran
33:49 Devotion
33:40 Crossbowman
36:05 Two-Man Saw
35:55 Crop Rotation
36:14 Conscription
38:07 Ring Archer Armor
39:44 Chemistry
40:13 Chain Barding Armor
40:31 Elite War Elephant
45:14 Thumb Ring
47:00 Plate Barding Armor
47:14 Iron Casting
48:20 Stone Shaft Mining
49:21 Faith
53:12 Blast Furnace
59:42 Caravan
63:42 Light Cavalry
64:47 Elite Genitour
79:14 Hussar
神圣罗马帝国 | Holy Roman
14:21 Feudal Age
15:10 Double-Bit Axe
18:06 Castle Age
16:33 Horse Collar
19:45 Wheelbarrow
19:21 Bow Saw
23:48 Fletching
25:29 Gold Mining
25:59 Loom
26:56 Gold Shaft Mining
26:01 Crossbowman
27:45 Hand Cart
27:47 Padded Archer Armor
28:01 Stone Mining
29:14 Bodkin Arrow
30:06 Leather Archer Armor
30:20 Thumb Ring
30:03 Treadmill Crane
34:38 Imperial Age
32:30 Town Watch
33:47 Forging
33:37 Scale Mail Armor
33:48 Forging
34:00 Ballistics
33:50 Masonry
34:01 Man-at-Arms
34:26 Gambesons
34:42 Squires
35:19 Iron Casting
34:47 Heavy Plow
34:45 Arbalester
36:28 Chemistry
36:33 Two-Man Saw
34:58 Long Swordsman
36:01 Bracer
37:13 Chain Mail Armor
36:27 Two-Handed Swordsman
38:35 Plate Mail Armor
39:58 Architecture
39:01 Champion
39:27 Arson
40:54 Crop Rotation
41:08 Conscription
41:23 Murder Holes
44:41 Pikeman
44:47 Clerical Recruitment
46:20 Ring Archer Armor
45:57 Siege Engineers
49:42 Shield Wall
50:50 Capped Ram
56:04 Arrowslits
56:47 Siege Ram
58:46 Heavy Scorpion
66:40 Caravan
68:00 Guard Tower
72:29 Keep
LVDB_Curandero
3:16 Loom
13:28 Feudal Age
17:21 Castle Age
16:03 Double-Bit Axe
17:07 Fletching
20:15 Padded Archer Armor
26:40 Town Watch
31:52 Wheelbarrow
31:56 Kasbah
34:11 Bow Saw
33:42 Horse Collar
38:35 Hand Cart
41:17 Gold Mining
41:17 Stone Mining
43:18 Heavy Plow
45:50 Imperial Age
44:01 Scale Barding Armor
43:25 Light Cavalry
44:15 Bloodlines
44:35 Husbandry
44:19 Treadmill Crane
44:49 Masonry
45:00 Ballistics
44:31 Guard Tower
45:17 Forging
45:33 Chain Barding Armor
46:54 Iron Casting
46:15 Bodkin Arrow
46:37 Leather Archer Armor
46:45 Heavy Camel Rider
48:08 Plate Barding Armor
48:59 Blast Furnace
50:41 Hoardings
50:49 Crop Rotation
50:55 Gold Shaft Mining
50:55 Stone Shaft Mining
50:44 Siege Engineers
50:35 Bodkin Arrow
51:41 Maghrebi Camels
52:02 Conscription
55:14 Cavalier
58:38 Coinage
58:19 Guilds
58:10 Caravan
57:56 Hussar
62:19 Banking
63:48 Conscription
64:57 Bracer
65:27 Ring Archer Armor
64:56 Murder Holes
66:05 Chemistry
67:42 Elite Camel Archer
71:38 Fortified Wall
75:10 Thumb Ring
Sheepeehs
5:56 Loom
12:30 Feudal Age
13:34 Arson
13:10 Man-at-Arms
14:23 Double-Bit Axe
21:55 Castle Age
21:07 Wheelbarrow
25:34 Elite Skirmisher
32:18 Gold Mining
32:31 Stone Mining
35:35 Ballistics
37:50 Imperial Age
37:06 Bow Saw
37:35 Treadmill Crane
37:51 Fletching
39:02 Bodkin Arrow
39:28 Padded Archer Armor
41:16 Hand Cart
40:47 Town Watch
41:32 Scale Barding Armor
41:38 Forging
40:57 Cavalier
42:35 Leather Archer Armor
46:53 Husbandry
48:40 Conscription
49:45 Chain Barding Armor
50:05 Iron Casting
49:56 Paladin
51:19 Plate Barding Armor
51:43 Light Cavalry
53:27 Blast Furnace
53:07 Gold Shaft Mining
52:50 Chivalry
53:31 Hoardings
54:38 Scale Mail Armor
59:18 Caravan
Swix
3:59 Loom
13:49 Feudal Age
17:42 Castle Age
15:59 Double-Bit Axe
30:35 Town Watch
31:14 Fletching
36:00 Padded Archer Armor
36:52 Horse Collar
37:40 Bodkin Arrow
39:45 Ballistics
40:56 Leather Archer Armor
41:00 Masonry
46:37 Imperial Age
44:33 Guard Tower
50:45 Bow Saw
50:36 Heavy Plow
50:27 Gold Mining
50:28 Stone Mining
51:15 Wheelbarrow
51:23 Wheelbarrow
51:20 Nomads
53:22 Caravan
53:52 Coinage
53:20 Capped Ram
54:32 Hand Cart
55:12 Scale Mail Armor
55:13 Bracer
56:08 Banking
56:03 Conscription
55:17 Siege Ram
57:11 Drill
56:22 Pikeman
57:03 Squires
59:03 Chain Mail Armor
58:58 Forging
58:10 Elite Mangudai
59:26 Hoardings
65:58 Thumb Ring
66:19 Parthian Tactics
66:06 Bloodlines
65:56 Husbandry
66:49 Murder Holes
68:48 Chemistry
69:30 Siege Engineers
71:12 Iron Casting
72:38 Plate Mail Armor
73:08 Blast Furnace
72:18 Heavy Scorpion
Zook
12:42 Feudal Age
16:36 Castle Age
15:04 Double-Bit Axe
16:29 Loom
17:33 Bow Saw
17:27 Fishing Lines
22:16 Horse Collar
24:24 Wheelbarrow
23:37 Town Watch
23:51 Gillnets
25:26 Gold Mining
25:28 Stone Mining
27:05 Hand Cart
27:46 Stone Shaft Mining
27:44 Town Patrol
27:51 Town Patrol
30:48 Imperial Age
29:05 Heavy Plow
29:45 Forging
29:36 Scale Mail Armor
30:25 Squires
30:12 Arson
31:11 Iron Casting
30:50 Capped Ram
31:52 Chain Mail Armor
31:19 Elite Varangian Guard
33:45 Blast Furnace
32:55 Gothikon
34:46 Siege Ram
36:14 Plate Mail Armor
37:42 Scale Barding Armor
40:28 Chemistry
39:48 Ballistics
39:55 Pikeman
41:24 Chain Barding Armor
40:31 Heavy Scorpion
40:38 Halberdier
41:39 Bloodlines
41:29 Husbandry
40:50 Cavalier
43:12 Two-Man Saw
43:59 Plate Barding Armor
44:31 Gambesons
48:29 Fletching
51:07 Guilds
59:04 Coinage
62:07 Bodkin Arrow
62:21 Siege Engineers
62:52 Bracer
68:14 Caravan
68:21 Caravan
Axel
4:10 Loom
15:38 Feudal Age
20:06 Castle Age
19:36 Double-Bit Axe
20:07 Fletching
21:19 Bow Saw
25:35 Bodkin Arrow
26:42 Ballistics
26:57 Padded Archer Armor
29:30 Leather Archer Armor
36:11 Wheelbarrow
37:38 Hand Cart
37:09 Town Watch
42:27 Imperial Age
41:42 Thumb Ring
44:16 Chemistry
43:47 Ring Archer Armor
44:45 Conscription
46:59 Pirotechnia
52:24 Masonry
60:00 Bracer
68:27 Forging
68:18 Scale Mail Armor
68:32 Pikeman
69:12 Squires
69:49 Iron Casting
70:36 Chain Mail Armor
72:02 Guilds
71:54 Caravan
75:19 Blast Furnace
74:51 Plate Mail Armor
Jangles
9:27 Loom
12:37 Feudal Age
18:31 Bloodlines
22:04 Castle Age
21:11 Scale Barding Armor
23:30 Husbandry
23:22 Fletching
23:54 Double-Bit Axe
24:18 Gold Mining
28:15 Bow Saw
30:16 Horse Collar
35:20 Heavy Plow
37:05 Chain Barding Armor
39:17 Wheelbarrow
38:28 Town Watch
38:50 Corvinian Army
40:15 Gold Shaft Mining
41:25 Hand Cart
45:37 Imperial Age
44:23 Stone Mining
44:38 Town Patrol
45:40 Cavalier
47:02 Plate Barding Armor
48:19 Conscription
49:33 Conscription
50:03 Elite Magyar Huszar
62:19 Scale Mail Armor
61:45 Pikeman
62:10 Arson
64:20 Two-Man Saw
63:54 Crop Rotation
64:06 Halberdier
67:30 Chain Mail Armor
69:17 Caravan
Connection lost

Rejoining the realm…

Still unreachable

The connection could not be restored.

Session expired

The server has moved on; the page needs a fresh start.